 Dungeon Crawl Stone Soup version 0.19-a0-1002-g674d22e (webtiles) character file.

27 mistymad the Skirmisher (level 3, 30/30 HPs)
             Began as a Formicid Abyssal Knight on July 18, 2016.
             Was a Follower of Lugonu.
             Quit the game on level 2 of the Dungeon.
             The game lasted 00:02:32 (1200 turns).

mistymad the Skirmisher (Formicid Abyssal Knight)   Turns: 1200, Time: 00:02:33

Health: 30/30      AC:  8    Str: 17    XL:     3   Next: 25%
Magic:  4/4        EV:  6    Int: 11    God:    Lugonu [*.....]
Gold:   18         SH:  0    Dex: 10    Spells: 0 memorised, 2 levels left

rFire  + . .     SeeInvis +     a - +1 hand axe
rCold  . . .     Gourm    .     e - +0 chain mail {rF+}
rNeg   . . .     Faith    .     (no shield)
rPois  .         Spirit   .     (helmet unavailable)
rElec  .         Dismiss  .     (no cloak)
rCorr  .         Reflect  .     (no gloves)
SustAt .         Harm     .     (no boots)
MR     .....                    (no amulet)
Stlth  ..........               (no ring)
                                (no ring)

@: heavily drained, not resistant to hostile enchantments, extremely unstealthy
A: permanent stasis, dig shafts and tunnels, four strong arms, antennae 3
a: Dig, Shaft Self, Depart the Abyss, Renounce Religion


You were on level 2 of the Dungeon.
You worshipped Lugonu.
Lugonu was aware of your devotion.
You were hungry.

You visited 1 branch of the dungeon, and saw 2 of its levels.
You visited the Abyss 1 time.

You collected 18 gold pieces.

Inventory:

Hand Weapons
 a - a +1 hand axe (weapon)
Armour
 e - a +0 chain mail of fire resistance (worn)
Scrolls
 d - a scroll of amnesia {unknown}
 g - 2 scrolls of magic mapping {unknown}
 h - 2 scrolls of identify {unknown}
 m - a scroll of remove curse {unknown}
Potions
 j - a potion of curing {unknown}
 k - a potion of cure mutation {unknown}
 l - a potion of resistance {unknown}
Comestibles
 b - 2 beef jerkies
 c - 2 bread rations
 f - a meat ration
 i - a royal jelly


   Skills:
 + Level 3.7(2.2) Fighting
 + Level 2.4(1.0) Axes
 + Level 2.4(1.0) Armour
 - Level 1.2(0.0) Dodging
 + Level 2.4(1.1) Invocations


You had 2 spell levels left.
You didn't know any spells.

Dungeon Overview and Level Annotations

Branches:
Dungeon (2/15)

Altars:


Innate Abilities, Weirdness & Mutations

You are under a permanent stasis effect.
You can dig through walls and to a lower floor.
Your four strong arms can wield two-handed weapons with a shield.
You have a pair of large antennae on your head. (SInv)


Message History

No target in view!
No target in view!
No target in view!
No target in view!
No target in view!
You open the door.
There is an open door here.
Key pressed, stopping explore.
Found a stone staircase leading down.
Health restored: 30 Key pressed, stopping explore.
g - 2 scrolls labeled SOX CIOWKIPHI (gained 1)
c - 2 bread rations (gained 1)
Found a runed chain mail.
Found a scale mail.
Found a leather armour.
Found a buckler.
You see here a buckler.
m - a scroll labeled GIOCVE DOCWUCU Are you sure you want to abandon this character and quit the game? (Confirm with "yes".)

####[# #.....# .....#
#....[##.#
####.###.....##.###
.......+..........
.....###[....##..#
###..###.....###.######.
#.....................
#.########........# #.#
#....@...# #.#
#........# #.#
#........# #. #........#
#. #######..# ..# ..#
..#


There were no monsters in sight!

Vanquished Creatures
  A giant gecko (D:2)
  5 bats (D:1)
  4 goblins
  3 hobgoblins
  4 jackals (D:1)
  4 kobolds (D:1)
  2 rats
23 creatures vanquished.

Notes
Turn   | Place    | Note
-------+----------+-------------------------------------------
     0 | Abyss:1  | mistymad the Formicid Abyssal Knight began the quest for the Orb.
     0 | Abyss:1  | Reached XP level 1. HP: 18/18 MP: 2/2
    32 | Abyss:1  | Found a corrupted altar of Lugonu.
    42 | Abyss:1  | Found a corrupted altar of Lugonu.
   171 | Abyss:1  | Noticed a large abomination
   173 | Abyss:1  | Noticed a small abomination
   198 | Abyss:1  | Noticed a thrashing horror
   202 | D:1      | Escaped the Abyss
   514 | D:1      | Reached skill level 1 in Dodging
   562 | D:1      | Reached XP level 2. HP: 21/24 MP: 3/3
   566 | D:1      | Reached * piety under Lugonu
   887 | D:1      | Reached XP level 3. HP: 24/29 MP: 4/4
  1200 | D:2      | Quit the game

Vault maps used:
D:1:      dpeg_arrival_renting
D:2:      nicolae_gozag_cash_rules_everything_around_me

Skill      XL: |  1 |
---------------+----+-----
Dodging        | 1 |  1.2
Fighting       | |  3.7
Axes           | |  2.4
Armour         | |  2.4
Invocations    | |  2.4

Action                   || total
-------------------------++-------
Melee: Hand axe          ||    70
Invok: Depart the Abyss  ||     1
Armor: Chain mail        ||    72
       Leather armour    ||     1
Dodge: Dodged            ||    29
